Description

Similar to the 3-roach standard opener, but with hatch first so they are less likely to expect early aggression. The 5 roaches spawn about 20s later than the 3-roach opener.

With your initial 4 lings and 2 queens, drone up to 26/36. As soon as your roach warren finishes, build 5 roaches, bringing you to 36/36. Immediately get your overlord, followed by taking your third while the overlord is building. Scout with your overlord to draw them away from the front line.

During the attack, drone hard while building queens and taking ling speed. From here, you'll have an econ advantage if your attack went decently, and you can transition into a macro game.

Build Order

Get SALT Encoding   

  12  0:00  Drone  
  13  0:12  Overlord  
  13  0:16  Drone  
  14  0:30  Drone x2  
  16  0:50  Hatchery  
  16  0:53  Drone  
  16  1:06  Spawning Pool  
  16  1:10  Drone x2  
  16  1:17  Drone x2  
  18  1:24  Extractor  
  18  1:32  Overlord  
  18  1:53  Queen  
  20  1:56  Zergling x4  
  22  2:02  Roach Warren  
  22  2:04  Drone  Drone up to 24/36 then get your second queen
  24  2:15  Queen  Second queen brings you to 26/36
  26  2:42  Roach x5  
  36  2:46  Overlord  BUILD THIS OVERLORD ASAP!
  36  3:05  Hatchery  
  35  3:07  Drone  Make drones with larva, make queens when floating minerals, take ling speed followed by lair with gas
  38  3:10  Metabolic Boost  Get ling speed when you have the money and no larvalarva
Spawning Tool Build Advisor. Get it on Overwolf

Go to:

Details

  • Created by: alexwyler
  • Published on: Dec 08, 2020
  • Modified on: Dec 08, 2020
  • Patch: 4.11.0
  • Difficulty: Medium
Show
View Real Time Build Order
Export as new Build Order

Comments (0)

There are no comments. Be the first!

Create an account to comment!